 Dungeon Crawl Stone Soup version 0.30.1-4-g462c640d31 (webtiles) character file.

Game seed: 9038335249323022229

107577 spardeous the Eclecticist (level 17, 0/126 HPs)
             Began as a Djinni Conjurer on Sept 2, 2023.
             Was an Initiate of Gozag.
             Killed from afar by a thorn hunter (39 damage)
             ... with a volley of thorns
             ... on level 4 of the Swamp.
             The game lasted 00:57:37 (31759 turns).

spardeous the Eclecticist (Djinni Conjurer)        Turns: 31759, Time: 00:57:37

Health: 0/126      AC: 29    Str: 18    XL:     17   Next: 2%
Gold:   4086       EV: 11    Int: 20    God:    Gozag SH: 15 Dex: 23

rFire   + + .        R - staff of conjuration
rCold   . . .        z - +2 kite shield {rN+}
rNeg    + . .        V - +3 plate armour {rC+}
rPois   ∞            d - +2 hat {SInv}
rElec   .            k - +0 cloak
rCorr   .            c - +2 pair of gloves {Dex+3}
SInv    +            (boots unavailable)
Will    +....        E - amulet of regeneration Stlth
                     a - +6 ring of dexterity
HPRegen 2.01/turn    G - +6 ring of strength
MPRegen 0.00/turn

%: infuse magic (-1 HP)
@: gold aura, flying, studying Dodging
A: sickness immunity, fire resistance 2, cold vulnerability 1, float, innate
caster, HP casting, extra vitality 1, iridescent scales 2, regeneration 1,
screaming 1
a: Renounce Religion, Potion Petition, Call Merchant, Bribe Branch


You were on level 4 of the Swamp.
You worshipped Gozag.
Gozag was most pleased with you.
You visited 5 branches of the dungeon, and saw 26 of its levels.
You also visited: Sewer and Gauntlet.

You collected 7763 gold pieces.
You spent 1538 gold pieces at shops.
You paid 2139 gold pieces to Gozag.

Inventory:

Hand Weapons
 x - the +2 short sword of Evolution {venom, SInv}
   (You found it on level 4 of the Dungeon)

   SInv:      It lets you see invisible.
 B - the +2 long sword "Gofauvva" {flame, Str+4 SInv}
   (You found it on level 4 of the Lair of Beasts)

   Str:       It affects your strength (+4).
   SInv:      It lets you see invisible.
Armour
 c - a +2 pair of gloves of dexterity (worn)
 d - a +2 hat of see invisible (worn)
 k - a +0 cloak (worn)
 n - the +0 hat "Iklutot" {rF+ rC+}
   (You found it in a Gauntlet)

   rF:        It protects you from fire.
   rC:        It protects you from cold.
 o - a +1 ring mail of willpower
 v - a +2 tower shield
 z - a +2 kite shield of positive energy (worn)
 V - a +3 plate armour of cold resistance (worn)
Magical Staves
 R - a staff of conjuration (weapon)
 Y - the staff of earth "Boxkif" {Dex+2}
   (You found it in a Gauntlet)

   [staff of earth]

   Your inability to study Earth Magic prevents you from drawing on the full
   power of this staff in melee.
   Base accuracy: +5 Base damage: 5 Base attack delay: 1.2 This weapon's minimum
   attack delay (0.6) is reached at skill level 12.
   Dex:       It affects your dexterity (+2).
   It falls into the 'Staves' category.
   It is a one-handed weapon.
Jewellery
 a - a +6 ring of dexterity (left hand)
 t - a +6 ring of strength
 E - an amulet of regeneration (around neck)
 G - a +6 ring of strength (right hand)
 O - a ring of protection from cold
 S - the amulet of Rationality {Acrobat Contam rF+ Str+4 Int+2}
   (You found it in a Gauntlet)

   [amulet of the acrobat]

   It increases your evasion while moving and waiting.
   Str:       It affects your strength (+4).
   Int:       It affects your intelligence (+2).
   rF:        It protects you from fire.
   Contam:    It causes magical contamination when unequipped.
Wands
 f - a wand of mindburst (28)
 D - a wand of charming (14)
 L - a wand of roots (8)
 M - a wand of flame (61)
 P - a wand of acid (11)
Scrolls
 b - 13 scrolls of teleportation
 g - a scroll of enchant weapon
 r - 4 scrolls of vulnerability
 y - 2 scrolls of brand weapon
 A - 3 scrolls of fog
 F - 3 scrolls of blinking
 H - 2 scrolls of silence
 I - a scroll of magic mapping
 J - a scroll of summoning
 K - 4 scrolls of fear
 Q - 4 scrolls of amnesia
 X - a scroll of enchant armour
Potions
 e - 6 potions of mutation
 h - 4 potions of resistance
 i - 3 potions of flight
 j - 5 potions of might
 l - 2 potions of heal wounds
 m - 6 potions of haste
 p - 2 potions of magic
 q - 3 potions of cancellation
 s - 2 potions of invisibility
 u - 5 potions of attraction
 w - 4 potions of brilliance
 C - 5 potions of lignification
 N - a potion of berserk rage
 U - 8 potions of ambrosia
 W - 6 potions of curing
Miscellaneous
 T - a lightning rod (4/4)


   Skills:
 - Level 13.0 Fighting
 - Level 12.4 Armour
 + Level 10.5 Dodging
 - Level 1.5 Stealth
 - Level 10.2 Shields
 - Level 15.0 Spellcasting


You knew the following spells:

 Your Spells              Type           Power      Damage    Failure   Level
a - Magic Dart            Conj           100%       1d8       1%          1
b - Searing Ray           Conj           100%       2d8       1%          2
c - Dazzling Flash        Conj/Hex       100%       N/A       1%          3
d - Fulminant Prism       Conj/Hex       42%        3d19      3%          4
e - Iskenderun's Mystic   Conj/Tloc      85%        2d17      3%          4
f - Sandblast             Erth           100%       2d20      1%          1
g - Passwall              Tmut/Erth      55%        N/A       1%          2
h - Poisonous Vapours     Pois/Air       100%       N/A       1%          2
i - Hailstorm             Conj/Ice       85%        3d17      1%          3
j - Sticky Flame          Conj/Fire      85%        2d10      3%          4
k - Alistair's Intoxicat  Tmut/Pois      44%        N/A       9%          5
l - Simulacrum            Ice/Necr       33%        N/A       43%         6
m - Plasma Beam           Fire/Air       33%        2x1d50    43%         6
Your spell library was empty.

Dungeon Overview and Level Annotations

Branches:
Dungeon (15/15)            Temple (1/1) D:7            Lair (4/5) D:11
  Swamp (4/4) Lair:3       Spider (0/4) Lair:2        Slime (0/5) Lair:4
    Orc (2/2) D:12            Elf (0/3) Orc:2        Vaults (0/5) D:14
 Depths (0/4) D:15          Sewer (visited)         Gauntlet (visited)

Altars:
Ashenzari
Cheibriados
Dithmenos
Elyvilon
Fedhas
Gozag
Hepliaklqana
Makhleb
Nemelex Xobeh
Okawaru
Qazlal
Ru
Trog
Uskayaw
Wu Jian
Xom
Yredelemnul
Zin
The Shining One
Jiyva

Shops:
D:8 :==   D:10 ?   D:13 [   D:14 (   Orc:2 *[??   Lair:1 =[!


Innate Abilities, Weirdness & Mutations

You are immune to sickness and miasma.
You are immune to poison.
Your flesh is very heat resistant. (rF++)
You are vulnerable to cold. (rC-)
You float through the air rather than walking.
You learn spells naturally, not from books.
Your magical power is your life essence.
You have superior vitality. (+4 MHP)
You are mostly covered in iridescent scales. (AC +4)
Your natural rate of healing is unusually fast.
You occasionally shout uncontrollably at your foes.


Message History

* * * LOW HITPOINT WARNING * * *
You take 2 damage, and have 45/126 hp.
Unknown command.
Casting: Iskenderun's Mystic Blast (mildly dangerous; 3% risk of failure)
Confirm with . or Enter, or press ? or * to list all spells.
You feel a surge of power!
You erupt in a blast of force!
The mystic blast hits the thorn hunter!
The thorn hunter is severely damaged.
The thorn hunter is knocked back by the mystic blast.
The thorn hunter slams into the mangrove!
The thorn hunter is almost destroyed.
The mystic blast hits the briar patch.
The briar patch is severely damaged.
The mystic blast hits the briar patch!
You destroy the briar patch!
The mystic blast hits the briar patch but does no damage.
The briar patch is almost destroyed.
The mystic blast hits the briar patch!
The briar patch is almost destroyed.
* * * LOW HITPOINT WARNING * * *
The briar patch crumbles away.
The swamp worm fires a harpoon shot at you.
You block the harpoon shot.
The swamp worm fires a harpoon shot at you.
The harpoon shot hits you.
* * * LOW HITPOINT WARNING * * *
You are yanked forward by the harpoon shot.
You take 4 damage, and have 41/126 hp.
Casting: Iskenderun's Mystic Blast (mildly dangerous; 3% risk of failure)
Confirm with . or Enter, or press ? or * to list all spells.
You feel a surge of power!
You erupt in a blast of force!
The mystic blast hits the briar patch but does no damage.
The briar patch is almost destroyed.
The mystic blast hits the swamp worm.
You kill the swamp worm!
* * * LOW HITPOINT WARNING * * *
The thorn hunter fires a volley of thorns at you.
The volley of thorns hits you!!!
You die...
Your body crumbles into a pile of gold.

♣.~~.♣~..~~~.§♣ ♣
♣~~~P~♣♣..~~~.♣♣ ~.♣
♣♣..P~♣♣...§.~P♣♣~~~~
♣♣~PP.~§~♣♣♣♣P.♣.§~~
♣§P..§~~♣♣♣♣.f.[.~~
♣..PP~~...$.~PPPP♣
♣..PP~~~..~~~~~PP♣♣
♣.~~PP~~~.♣.~..PP~.♣♣
♣♣~~PP.~~.♣~.@...~.~♣
$
♣~~P~......~$~..♣♣~~
♣.~~.~~~....~~~.♣ ~
♣♣♣..~~~~...~~~~.♣
♣.~~~~~.~.~..~.♣
♣~[~~~~..~♣.~..♣♣
♣♣.~~~~~♣♣♣.~~♣♣
♣.~~~.♣♣ ♣~..♣ ♣~.~~.
~!.


You could see a thorn hunter.

Vanquished Creatures
  Mlioglotl (Swamp:1)
  An acid blob (Lair:4)
  Gastronok (Lair:3)
  A fenstrider witch (Swamp:4)
  An orc warlord (Orc:1)
  3 eleionomae
  Nessos (Lair:3)
  A dire elephant (Gauntlet)
  3 bunyips
  A minotaur (Gauntlet)
  A shambling mangrove (Swamp:3)
  2 vault guards (D:14)
  An ogre mage (D:15)
  3 alligators
  12 hydras
  5 centaur warriors
  A tengu warrior (D:12)
  6 two-headed ogres
  5 death yaks (Lair:4)
  Amaemon (Lair:3)
  Sonja (Orc:2)
  3 skeletal warriors (D:15)
  A skyshark (Lair:3)
  2 goliath frogs
  An orb spider (Lair:2)
  5 swamp dragons
  A spriggan druid (Swamp:2)
  2 bog bodies
  A necromancer (D:15)
  9 orc knights
  An oklob plant (D:11)
  7 ugly things
  An orc sorcerer (D:15)
  A deep elf pyromancer (D:15)
  4 cyclopes
  5 manticores
  3 black mambas
  2 naga magi (D:15)
  4 cane toads
  3 elephants (Gauntlet)
  An orange demon (Lair:3)
  A centaur skeleton (D:15)
  2 gargoyles (D:12)
  A kobold demonologist (D:12)
  An unseen horror (D:13)
  8 rime drakes
  9 komodo dragons
  2 freezing wraiths
  2 ice devils (Lair:4)
  5 trolls
  5 tyrant leeches (Swamp:2)
  A queen bee (Lair:2)
  4 polar bears
  3 meliai (D:15)
  Grinder (D:4)
  10 hornets
  11 blink frogs
  11 dream sheep
  11 slime creatures
  A culicivora (D:14)
  2 centaur simulacra (D:15)
  41 yaks
  6 spriggans
  A dire elephant simulacrum (Lair:4)
  10 wyverns
  2 shadows
  9 humans (D:14)
  2 wraiths
  2 steam dragons
  3 redbacks (D:14)
  A death yak simulacrum (Lair:4)
  11 basilisks
  A redback simulacrum (D:15)
  15 vampire mosquitoes
  6 wargs
  19 swamp worms
  7 acid dragons
  A swamp worm (shapeshifter) (D:14)
  6 water moccasins
  A swamp drake (D:12)
  37 orc warriors
  3 black bears
  13 centaurs
  5 wolves
  9 ogres
  5 kobold brigands
  Blork the orc (D:5)
  15 bullfrogs
  2 gnoll sergeants
  A cane toad simulacrum (Lair:4)
  3 scorpions
  8 wights
  38 killer bees
  5 howler monkeys
  A vampire bat (Lair:1)
  A hound (D:5)
  14 orc priests
  10 jellies
  Crazy Yiuf (D:2)
  3 gnoll boudas
  3 sleepcaps
  15 hell rats
  Jessica (D:2)
  2 iguanas
  29 orc wizards
  A boggart skeleton (D:15)
  2 spriggan simulacra (Lair:4)
  Robin (D:2)
  10 adders
  25 gnolls
  2 river rats
  2 shadow imps (D:5)
  3 white imps
  2 ufetubi
  2 worms (D:2)
  A dart slug (D:2)
  85 orcs
  7 ball pythons
  15 bats
  9 endoplasms
  13 giant cockroaches
  11 goblins
  14 hobgoblins
  7 jackals
  4 quokkas
  8 frilled lizards
  27 kobolds
  8 rats
828 creatures vanquished.

Vanquished Creatures (others)
  A vault guard (D:14)
  2 bloated husks (Swamp:2)
  6 fulminant prisms (D:11)
9 creatures vanquished.

Grand Total: 837 creatures vanquished

Notes
Turn   | Place    | Note
-------+----------+-------------------------------------------
     0 | D:1      | spardeous the Djinni Conjurer began the quest for the Orb.
     0 | D:1      | spardeous set off with the following spells memorised:
                  | Magic Dart, Searing Ray, Dazzling Flash, Fulminant Prism,
                  | Iskenderun's Mystic Blast.
     0 | D:1      | Reached XP level 1. HP: 15/15 MP: 0/0
   142 | D:1      | Reached XP level 2. HP: 19/21 MP: 0/0
   514 | D:1      | Reached XP level 3. HP: 18/25 MP: 0/0
   514 | D:1      | Learned a level 1 spell: Sandblast
   832 | D:2      | Reached skill level 4 in Spellcasting
  1105 | D:2      | Found a runed translucent door.
  1106 | D:2      | Noticed Crazy Yiuf
  1219 | D:2      | Reached XP level 4. HP: 29/31 MP: 0/0
  1336 | D:2      | Noticed Robin
  1341 | D:2      | Killed Robin
  1373 | D:2      | Reached XP level 5. HP: 13/35 MP: 0/0
  1373 | D:2      | Learned a level 2 spell: Passwall
  1564 | D:2      | Noticed Jessica
  1569 | D:2      | Killed Jessica
  1611 | D:2      | Reached skill level 5 in Spellcasting
  1954 | D:2      | Killed Crazy Yiuf
  2328 | D:3      | Reached XP level 6. HP: 28/40 MP: 0/0
  2448 | D:3      | Found a faded altar of an unknown god.
  2612 | D:3      | Found a glowing drain.
  2618 | Sewer    | Entered a sewer
  2729 | Sewer    | Reached skill level 1 in Fighting
  2922 | Sewer    | Reached XP level 7. HP: 44/50 MP: 0/0
  2922 | Sewer    | Learned a level 2 spell: Poisonous Vapours
  2944 | Sewer    | Found a shimmering altar of Xom.
  3849 | D:4      | Noticed a wyvern
  3855 | D:4      | Killed a wyvern
  3856 | D:4      | Reached skill level 6 in Spellcasting
  3861 | D:4      | Reached XP level 8. HP: 26/58 MP: 0/0
  4131 | D:4      | Found a shimmering altar of Xom.
  4426 | D:4      | Noticed Grinder
  4438 | D:4      | Killed Grinder
  4439 | D:4      | Reached skill level 7 in Spellcasting
  4695 | D:4      | Identified the +2 short sword of Evolution {venom, SInv}
  4846 | D:5      | Entered Level 5 of the Dungeon
  4917 | D:5      | Found an ornate altar of the Wu Jian Council.
  5398 | D:5      | Reached skill level 8 in Spellcasting
  5398 | D:5      | Reached XP level 9. HP: 49/62 MP: 0/0
  5398 | D:5      | Learned a level 3 spell: Hailstorm
  5617 | D:5      | Found a blossoming altar of Fedhas.
  5620 | D:5      | Noticed Blork the orc
  5635 | D:5      | Killed Blork the orc
  5776 | D:5      | Found a bloodstained altar of Trog.
  6091 | D:6      | Identified the +3 ring mail of Hedonism {Rampage Fly rF-
                  | rN+}
  6328 | D:6      | Reached skill level 9 in Spellcasting
  7644 | D:7      | Found an iron altar of Okawaru.
  7756 | D:7      | Found a staircase to the Ecumenical Temple.
  7936 | D:7      | Reached skill level 10 in Spellcasting
  7976 | D:7      | Found a hazy altar of Hepliaklqana.
  8074 | D:8      | Reached XP level 10. HP: 51/68 MP: 0/0
  8199 | D:8      | Reached skill level 1 in Armour
  8230 | D:8      | Reached skill level 5 in Armour
  8255 | D:8      | Found Nukuilov's Jewellery Shoppe.
  8484 | D:8      | Found Kookhlech's Jewellery Emporium.
  8782 | Temple   | Entered the Ecumenical Temple
  8995 | Temple   | Became a worshipper of Gozag Ym Sagoz the Greedy
  9046 | D:8      | Found Naafall's Book Shop.
  9518 | D:8      | Found Kookhlech's Jewellery Emporium.
  9585 | D:8      | Found Nukuilov's Jewellery Shoppe.
 10764 | D:10     | Entered Level 10 of the Dungeon
 10777 | D:10     | Noticed a cyclops
 10824 | D:10     | Killed a cyclops
 10825 | D:10     | Reached XP level 11. HP: 28/73 MP: 0/0
 10825 | D:10     | Learned a level 4 spell: Sticky Flame
 11045 | D:10     | Identified the +9 halberd "Djinni's Death" {heavy, Str+4
                  | SInv}
 11159 | D:10     | Reached skill level 10 in Armour
 11292 | D:10     | Found The Oracle's Delphic Readings.
 11296 | D:10     | Bought a scroll of identify for 28 gold pieces
 11296 | D:10     | Bought a scroll of teleportation for 42 gold pieces
 11296 | D:10     | Bought a scroll of teleportation for 42 gold pieces
 11711 | D:10     | Noticed a two-headed ogre
 11727 | D:10     | Killed a two-headed ogre
 11728 | D:10     | Reached skill level 5 in Dodging
 12013 | D:11     | Noticed an oklob plant
 12029 | D:11     | Killed an oklob plant
 12039 | D:11     | Found a staircase to the Lair.
 12542 | D:12     | Found a gate leading to a gauntlet.
 12572 | Gauntlet | Entered a Gauntlet
 12572 | Gauntlet | Found a transporter.
 12582 | Gauntlet | Found a transporter.
 12596 | Gauntlet | Found a transporter.
 12597 | Gauntlet | Noticed an elephant
 12597 | Gauntlet | Noticed an elephant
 12599 | Gauntlet | Noticed a dire elephant
 12601 | Gauntlet | Noticed an elephant
 12603 | Gauntlet | Found a transporter.
 12624 | Gauntlet | Found a transporter.
 12624 | Gauntlet | Noticed a thrashing horror
 12628 | Gauntlet | Noticed a thrashing horror
 12635 | Gauntlet | Found a transporter.
 12643 | Gauntlet | Noticed a catoblepas
 12647 | Gauntlet | Found a transporter.
 12666 | Gauntlet | Found a transporter.
 12679 | Gauntlet | Found a runed translucent gate.
 12680 | Gauntlet | Found a transporter.
 12680 | Gauntlet | Found a runed translucent gate.
 12680 | Gauntlet | Found a transporter.
 12681 | Gauntlet | Found a runed translucent gate.
 12689 | Gauntlet | Found a transporter.
 12729 | Gauntlet | Found a transporter.
 12743 | Gauntlet | Found a transporter.
 12786 | Gauntlet | Found a transporter.
 12854 | Gauntlet | Identified the amulet of Rationality {Acrobat Contam rF+
                  | Str+4 Int+2}
 13000 | Gauntlet | Killed an elephant
 13001 | Gauntlet | Killed an elephant
 13002 | Gauntlet | Reached XP level 12. HP: 33/78 MP: 0/0
 13020 | Gauntlet | HP: 2/78 [dire elephant (21)]
 13027 | Gauntlet | Gained mutation: You are partially covered in iridescent
                  | scales. (AC +2) [potion of mutation]
 13027 | Gauntlet | Gained mutation: You occasionally shout uncontrollably at
                  | your foes. [potion of mutation]
 13027 | Gauntlet | Gained mutation: You are mostly covered in iridescent
                  | scales. (AC +4) [potion of mutation]
 13027 | Gauntlet | Gained mutation: Your natural rate of healing is unusually
                  | fast. [potion of mutation]
 13069 | Gauntlet | Killed a dire elephant
 13090 | Gauntlet | Identified the +0 hat "Iklutot" {rF+ rC+}
 13225 | Gauntlet | Identified the +4 battleaxe of Cisue {heavy, rElec rC-
                  | Str+8}
 13225 | Gauntlet | Noticed a minotaur
 13246 | Gauntlet | Killed a minotaur
 13247 | Gauntlet | Reached skill level 10 in Dodging
 13257 | Gauntlet | Identified the staff of earth "Boxkif" {Dex+2}
 13260 | Gauntlet | Got the Parchment of the Transforming Brume
 13378 | D:12     | Noticed a soul eater
 13418 | D:12     | Found a white marble altar of Elyvilon.
 13508 | D:12     | Reached skill level 1 in Shields
 13944 | D:8      | Bought a manual of Dodging for 1120 gold pieces
 14163 | D:12     | Noticed a tengu warrior
 14170 | D:12     | Killed a tengu warrior
 14171 | D:12     | Reached skill level 5 in Shields
 14264 | D:12     | Identified the +0 chain mail "Wuwoeck" {rC+ MP+9 Dex+4}
 14485 | D:12     | Found a staircase to the Orcish Mines.
 14960 | D:13     | Noticed a seven-headed hydra
 14975 | D:13     | Killed a seven-headed hydra
 15118 | D:13     | Noticed a centaur warrior
 15137 | D:13     | Killed a centaur warrior
 15542 | D:13     | Reached XP level 13. HP: 65/83 MP: 0/0
 15542 | D:13     | Learned a level 5 spell: Alistair's Intoxication
 15668 | D:13     | Noticed a centaur warrior
 15796 | D:13     | Killed a centaur warrior
 15848 | D:13     | Found Beekank's Armour Shop.
 16068 | D:14     | Noticed a seven-headed hydra
 16078 | D:14     | Killed a seven-headed hydra
 16079 | D:14     | Reached skill level 11 in Spellcasting
 16115 | D:14     | Found Asesil's Antique Weapon Shoppe.
 16208 | D:14     | Noticed a centaur warrior
 16216 | D:14     | Killed a centaur warrior
 16341 | D:14     | You are sucked into a shaft and drop 1 floor!
 16341 | D:15     | Entered Level 15 of the Dungeon
 16353 | D:15     | Noticed a centaur warrior
 16366 | D:15     | Killed a centaur warrior
 16387 | D:15     | Reached skill level 10 in Shields
 16397 | D:15     | Noticed an ogre mage
 16413 | D:15     | Killed an ogre mage
 16419 | D:15     | Reached skill level 5 in Fighting
 17271 | D:15     | Reached XP level 14. HP: 86/97 MP: 0/0
 17347 | D:15     | Found a staircase to the Depths.
 17990 | D:15     | Found a staircase to the Depths.
 18245 | D:14     | Reached skill level 10 in Fighting
 18542 | D:14     | HP: 5/103 [manticore/volley of spikes (13)]
 18859 | D:14     | Found a gate to the Vaults.
 19260 | D:14     | Found Asesil's Antique Weapon Shoppe.
 19641 | D:14     | Found a gate to the Vaults.
 19734 | Lair:1   | Entered Level 1 of the Lair of Beasts
 20297 | Lair:1   | You are sucked into a shaft and drop 1 floor!
 20562 | Lair:2   | Reached skill level 12 in Spellcasting
 21088 | Lair:2   | Found a hole to the Spider Nest.
 21525 | Lair:2   | Found a hole to the Spider Nest.
 22498 | Lair:3   | Noticed Amaemon
 22516 | Lair:3   | Noticed Gastronok
 22520 | Lair:3   | Killed Amaemon
 22529 | Lair:3   | Killed Gastronok
 22530 | Lair:3   | Reached XP level 15. HP: 76/108 MP: 0/0
 22530 | Lair:3   | Learned a level 6 spell: Simulacrum
 22609 | Lair:3   | Reached skill level 13 in Spellcasting
 22681 | Lair:3   | Noticed Nessos
 22829 | Lair:3   | Killed Nessos
 23482 | Lair:3   | Reached skill level 14 in Spellcasting
 23540 | Lair:3   | Found a staircase to the Swamp.
 24070 | Lair:3   | Found a staircase to the Swamp.
 24533 | Lair:4   | Identified the amulet of Fianio {Spirit Dex+3}
 24557 | Lair:4   | Identified the +2 long sword "Gofauvva" {flame, Str+4 SInv}
 24639 | Lair:4   | Found a runed translucent door.
 24728 | Lair:4   | Noticed an acid blob
 24755 | Lair:4   | Found a viscous altar of Jiyva.
 24840 | Lair:4   | Found a staircase to the Slime Pits.
 25708 | Lair:4   | Found a runed translucent door.
 25710 | Lair:4   | Found a viscous altar of Jiyva.
 25713 | Lair:4   | Found a staircase to the Slime Pits.
 26011 | Lair:4   | Killed an acid blob
 26183 | Orc:1    | Entered Level 1 of the Orcish Mines
 26258 | Orc:1    | Reached skill level 15 in Spellcasting
 26470 | Orc:2    | Entered Level 2 of the Orcish Mines
 26665 | Orc:2    | Reached XP level 16. HP: 112/114 MP: 0/0
 26902 | Orc:2    | Found Atall's Assorted Antiques.
 26902 | Orc:2    | Found Bisihem's Armour Shop.
 26988 | Orc:2    | Found a staircase to the Elven Halls.
 27010 | Orc:2    | Noticed Sonja
 27025 | Orc:2    | Killed Sonja
 27168 | Orc:2    | Found Kiacla's Magic Scroll Emporium.
 27168 | Orc:2    | Found Isaumuef's Magic Scroll Shop.
 28199 | D:13     | Bought a +1 pair of gloves of dexterity for 231 gold pieces
 28375 | Swamp:1  | Entered Level 1 of the Swamp
 28395 | Swamp:1  | Noticed Mlioglotl
 28527 | Swamp:1  | Killed Mlioglotl
 30254 | Lair:1   | Bought a potion of heal wounds for 75 gold pieces
 30659 | Swamp:3  | Identified the +6 arbalest of Ocvaj {elec, *Corrode rC+
                  | Dex+4}
 31516 | Swamp:4  | Entered Level 4 of the Swamp
 31625 | Swamp:4  | Noticed a fenstrider witch
 31641 | Swamp:4  | Paralysed by a fenstrider witch for 3 turns
 31647 | Swamp:4  | Killed a fenstrider witch
 31648 | Swamp:4  | Reached XP level 17. HP: 119/126 MP: 0/0
 31648 | Swamp:4  | Learned a level 6 spell: Plasma Beam
 31739 | Swamp:4  | Noticed a thorn hunter
 31759 | Swamp:4  | Killed from afar by a thorn hunter

Illustrated notes

Levels and vault maps discovered:
D:1:      heliophobic_arrival_henge, layout_basic, nicolae_figureground_sparkle
D:2:      layout_loops_ring, basic_altar, grunt_ministairs_2,
          kennysheep_decorative_pillar, corexii_hall_statues_i, uniq_robin,
          uniq_jessica, uniq_crazy_yiuf_cottage
D:3:      layout_loops_corners, ebering_ecumenical_altar_mist,
          gup_sewer_entry_spiral
D:4:      layout_loops_ring, mainiacjoe_overflow_paths, st_stairs_9,
          chequers_serial_rivers_micro_a, minmay_misc_feat_x, uniq_grinder
D:5:      layout_rooms, fedhas_altar_3, mainiacjoe_overflow_boulevard,
          mainiacjoe_overflow_alcove_2, minmay_crystal_room,
          chequers_serial_rivers_room_b, uniq_blork_the_orc
D:6:      layout_basic
D:7:      layout_rooms, mainiacjoe_overflow_small_starburst,
          nicolae_hepliaklqana_hippocampus,
          mainiacjoe_overflow_concentric_impassable,
          minmay_temple_entry_butterflies, bh_walls_and_bars
D:8:      layout_loops_ring, lemuel_blue_sif_altar, serial_shops,
          nicolae_book_shop_shelving, shop, nicolae_shop_hallway_plus
D:9:      layout_rooms
D:10:     layout_stronghold, nicolae_nh_oracle_at_delphi
D:11:     layout_basic, dpeg_oklobed_lair, serial_glass, glass_columns_a,
          glass_columns_a, minmay_fountain_box
D:12:     layout_long_grid, erik_orc_1, gauntlet_entry_generic, elyvilon_altar_3
D:13:     layout_gridville, serial_shops, shop, small_statue_alley_a
D:14:     layout_irregular_city, ximxim_vaults_locker_room, serial_shops,
          nicolae_shop_waterfront
D:15:     grunt_enter_depths_magical_seal, layout_rooms, minivault_4
Temple:   eino_narrow_crystal_temple
Lair:1:   layout_roguey, roderic_batcave
Lair:2:   layout_gridlike, nicolae_spider_entry_orb_guardian, special_room
          [special_room_bee], grunt_megastairs_1, serial_bayou_shore_b
Lair:3:   layout_roguey [special_room_mythical_zoo], palyth_hydra_swamp_entry,
          grunt_megastairs_2, uniq_gastronok, uniq_nessos, uniq_amaemon
Lair:4:   dreamdust_isle_of_ice, layout_hall_layers, slime_entry_2,
          infiniplex_staircase_pool_2
Swamp:1:  nicolae_swamp_ascending_descending, layout_basic_swamp,
          evilmike_swamp_ruin_house_3, swamp_pool1, uniq_mlioglotl
Swamp:2:  layout_basic_swamp, nicolae_swamp_decorative_isthmus
Swamp:3:  layout_basic_swamp, evilmike_swamp_ruin_house_6, swamp_pool4
Swamp:4:  swamp_old_school, layout_basic_swamp, gammafunk_ghost_necromancy,
          swamp_pool3
Orc:1:    layout_caves
Orc:2:    st_orc_town, layout_caves, basic_altar, uniq_sonja

Skill      XL: |  1  2  3  4  5  6  7  8  9 10 11 12 13 14 15 16 |
---------------+-------------------------------------------------+-----
Spellcasting   | 4 5 6 8 10 11 12 15 | 15.0
Fighting       | 3 4 7 10 13 | 13.0
Armour         | 8 10 12 | 12.4
Dodging        | 8 10 | 10.5
Shields        | 6 10 | 10.2
Stealth        | |  1.5

Action                     |  1- 3 |  4- 6 |  7- 9 | 10-12 | 13-15 | 16-18 || total
---------------------------+-------+-------+-------+-------+-------+-------++-------
  Melee: Unarmed           |       |     1 |       |       |       |       ||     1
         Short sword       |       |       |     2 |    10 |    47 |       ||    59
         Staff             |       |       |       |       |     6 |    38 ||    44
         Long sword        |       |       |       |       |       |     5 ||     5
   Cast: Magic Dart        |    81 |   128 |   165 |   120 |     3 |     2 ||   499
         Searing Ray       |     1 |     7 |    33 |    15 |     5 |       ||    61
         Iskenderun's Myst |       |     1 |    35 |   262 |   727 |   464 ||  1489
         Fulminant Prism   |       |       |       |     6 |       |       ||     6
         Poisonous Vapours |       |       |       |     8 |     1 |       ||     9
         Hailstorm         |       |       |       |     1 |     3 |       ||     4
         Sandblast         |       |       |       |     1 |       |       ||     1
         Alistair's Intoxi |       |       |       |       |     1 |       ||     1
 Invoke: Call Merchant     |       |       |       |       |     3 |       ||     3
    Use: Scroll            |       |       |     7 |     6 |     9 |     3 ||    25
         Potion            |       |       |       |    13 |     2 |       ||    15
   Stab: Sleeping          |       |     1 |       |       |       |       ||     1
         Distracted        |       |       |       |       |     1 |       ||     1
 Armour: Robe              |     1 |     4 |       |       |       |       ||     5
         Ring mail         |       |    15 |    48 |    51 |    70 |     8 ||   192
         Plate armour      |       |       |       |       |       |    89 ||    89
  Dodge: Dodged            |     4 |    19 |    48 |    76 |   133 |    91 ||   371
  Block: Kite shield       |       |       |       |    74 |   188 |   136 ||   398
